 Dungeon Crawl Stone Soup version 0.27-a0-1423-ge5d6b6ab6a (webtiles) character file.

Game seed: 7720779959277686947

30 HAL9000 the Sneak (level 3, -1/18 HPs)
             Began as a Vine Stalker Brigand on July 2, 2021.
             Succumbed to Sigmund's poison
             ... on level 1 of the Dungeon.
             The game lasted 00:01:14 (1207 turns).

HAL9000 the Sneak (Vine Stalker Brigand)            Turns: 1207, Time: 00:01:14

Health: -1/18      AC:  3    Str: 13    XL:     3   Next: 20%
Magic:  2/4        EV: 11    Int: 12    God:
Gold:   29         SH:  0    Dex: 15    Spells: 2/2 levels left

rFire    . . .     SeeInvis .   a - +2 dagger
rCold    . . .     Faith    .   (no shield)
rNeg     . . .     Spirit   +   b - +0 robe
rPois    .         Reflect  .   (no helmet)
rElec    .         Harm     .   c - +0 cloak
rCorr    .         Rampage  .   (no gloves)
Will     .....                  (no boots)
Stlth    +++.......             (no amulet)
HPRegen  0.06/turn              (no ring)
MPRegen  0.09/turn              (no ring)

@: lethally poisoned (-1 -> -7)
A: fangs 2, magic shield, antimagic bite, no potion heal 2
a: no special abilities


You were on level 1 of the Dungeon.
You visited 1 branch of the dungeon, and saw 2 of its levels.

You collected 29 gold pieces.

Inventory:

Hand Weapons
 a - a +2 dagger (weapon)
Missiles
 d - 8 poisoned darts (quivered)
 e - 2 curare-tipped darts
Armour
 b - a +0 robe (worn)
 c - a +0 cloak (worn)
 k - a +0 kite shield of poison resistance
Jewellery
 g - an amulet of regeneration
Scrolls
 f - a scroll of noise {unknown}
 i - a scroll of blinking {unknown}
 j - a scroll of identify {unknown}
 l - a scroll of teleportation {unknown}
 m - a scroll of summoning {unknown}
Potions
 h - a potion of curing {unknown}
 n - a potion of flight {unknown}
 o - a potion of lignification {unknown}


   Skills:
 - Level 1.7 Fighting
 - Level 1.7 Short Blades
 - Level 1.7 Throwing
 - Level 0.7 Dodging
 + Level 6.3 Stealth


You had 2 spell levels left.
You didn't know any spells.
Your spell library was empty.

Dungeon Overview and Level Annotations

Branches:
Dungeon (2/15)

Altars:

Shops:
D:1 (

Annotations:
D:2 Sigmund


Innate Abilities, Weirdness & Mutations

You have extremely sharp teeth.
When hurt, damage is shared between your health and your magic reserves.
Your bite disrupts and absorbs the magic of your enemies.
Potions cannot restore your health.


Message History

The endoplasm closely misses you.
You hit the endoplasm but do no damage. You bite the endoplasm.
You drain its power.
You feel invigorated.
The endoplasm is almost dead.
The endoplasm hits you.
An endoplasm is nearby!
You hit the endoplasm but do no damage. You bite the endoplasm.
You kill the endoplasm!
Key pressed, stopping explore.
No target in view!
You now have 29 gold pieces (gained 4).
o - a metallic pink potion Done exploring.
(D) Dungeon
Where to? (? - help)
You enter the shallow water.
Moving in this stuff is going to be slow.
There is an entrance to Xeunkap's Weapon Boutique here.
There is a stone staircase leading down here.
You climb downwards.
Sigmund the Dreaded comes into view.
He is wielding a +1 scythe of venom.
There is a stone staircase leading up here.
Unknown command.
Sigmund is nearby!
A hobgoblin comes into view.
The hobgoblin shouts!
Sigmund hits you from afar with a +1 scythe of venom!
Ouch! That really hurt!
You are lethally poisoned!
You feel very sick.
* * * LOW HITPOINT WARNING * * *
You feel very sick.
* * * LOW HITPOINT WARNING * * *
You feel sick.
There is a stone staircase leading up here.
Unknown command.
* * * LOW HITPOINT WARNING * * *
You feel sick.
The hobgoblin hits you but does no damage.
You climb upwards.
You die...

#.....#....##....
#####.#.#########
#............
##....##....#
#######...∩.####..#
#....##....###.....
#....##.##.# #.....
#.......##.# #.....
#.@..#####.###.....
#g...........).....
#....##########....
#....# ##...†.
#....# #......
#....# #......
#....# #......
###### #......
#......


You could see a hobgoblin.

Vanquished Creatures
  A dart slug (D:1)
  3 endoplasms (D:1)
  2 goblins (D:1)
  3 hobgoblins (D:1)
  2 jackals (D:1)
  3 kobolds (D:1)
  A quokka (D:1)
  5 ball pythons (D:1)
  3 bats (D:1)
  4 frilled lizards (D:1)
27 creatures vanquished.

Notes
Turn   | Place    | Note
-------+----------+-------------------------------------------
     0 | D:1      | HAL9000 the Vine Stalker Brigand began the quest for the
                  | Orb.
     0 | D:1      | Reached XP level 1. HP: 11/11 MP: 2/2
    49 | D:1      | Reached skill level 5 in Stealth
   258 | D:1      | Found Xeunkap's Weapon Boutique.
   269 | D:1      | Reached XP level 2. HP: 12/15 MP: 3/3
   544 | D:1      | Reached skill level 6 in Stealth
   811 | D:1      | Reached XP level 3. HP: 18/18 MP: 4/4
  1199 | D:2      | Noticed Sigmund
  1207 | D:1      | Succumbed to Sigmund's poison

Illustrated notes

Levels and vault maps discovered:
D:1:      saegor_arrival_under_anarchy, layout_rooms, serial_shops, shop,
          minmay_crystal_water
D:2:      layout_loops_ring, basic_altar, grunt_ministairs_11,
          minmay_hexomino_c4, uniq_terence, uniq_sigmund

Skill      XL: |  1  2 |
---------------+-------+-----
Stealth        | 5 6 |  6.3
Fighting       | |  1.7
Short Blades   | |  1.7
Throwing       | |  1.7
Dodging        | |  0.7

Action                   || total
-------------------------++-------
Melee: Dagger            ||    73
       Bite              ||    20
 Stab: Sleeping          ||     7
Armor: Robe              ||    17
Dodge: Dodged            ||    30

Table legend: (Time is in decaauts)
 A = Elapsed time spent in this place.
 B = Non-inter-level travel time spent in this place.
 C = Inter-level travel time spent in this place.
 D = Time resting spent in this place.
 E = Time spent auto-exploring this place.
 F = Levels seen in this place.
 G = Mean time per level.
                   A        B        C        D        E       F      G
               +--------+--------+--------+--------+--------+-----+--------+
         Total |   1202 |   1149 |     53 |    335 |    630 |   2 |  601.0 |
       Dungeon |   1202 |   1149 |     53 |    335 |    630 |   2 |  601.0 |
               +--------+--------+--------+--------+--------+-----+--------+

Top non-repeatable levels by time:
     D:1: 1194 daAuts
     D:2: 7 daAuts
